[Event "44th Chess Olympiad Women 2022"]
[Site "Chennai"]
[Date "2022.08.03"]
[Round "6.1"]
[White "Melia, Salome"]
[Black "Tania, Sachdev"]
[Result "1/2-1/2"]
[WhiteElo "2384"]
[BlackElo "2399"]
[Annotator "TA"]
[PlyCount "70"]
[EventDate "2022.??.??"]
[TimeControl "60"]

1. e4 e5 2. Nf3 Nc6 3. Bb5 a6 4. Ba4 Nf6 5. O-O Be7 6. Re1 b5 7. Bb3 O-O 8. a4 Bb7 9. d3 d6 10. c3 Na5 11. Ba2 c5 12. Nbd2 Qc7 13.
Nf1 {[%emt 0:13:13] C88: Closed Ruy Lopez: Anti-Marshall Systems.} c4 14. Bg5 (14. axb5 {is more complex.} axb5 15. Bg5 h6
16. Bxf6 Bxf6 17. Ne3) 14... cxd3 15. Bxf6 {[%emt 0:00:00]
White has an edge.} (15. axb5 {seems wilder.} axb5 16. Qxd3 Nc4 17. N3d2) 15...
Bxf6 16. axb5 axb5 17. Qxd3 Nc4 {[%emt 0:02:41] [#]} 18. Ne3 $146 (18.
N3d2 $11 {feels stronger.}) ({Predecessor:} 18. b3 Nb6 19. b4 Rfc8 20. Qxb5 Kf8
21. Qe2 Qxc3 22. Rac1 Qxb4 23. Rb1 Qa5 24. Qd3 {0-1 (52) Poetz,F (2415)
-Wallner,J (2309) Zwettl 2012}) 18... Nxe3 $15 ({But not} 
18... Nxb2 19. Qxb5 Na4 {[#]} 20. Bxf7+ $1 (20. Bd5 Nc5 $11) 20... Rxf7 21.
Rxa4 $16) 19. Qxe3 Bc6 ({Black should play} 
19... Ra4 $15 20. Bd5 Bxd5 21. exd5 Rfa8) 20. Bb3 $11 Qb7 21. Rad1 Be7 22. Bd5 Ra4 23. h3 h6 24. Bxc6 Qxc6 25. Qd3 Ra2 26. Re2 Rc8 27. Nh2 Qc4 28. Qxc4 bxc4 29. Nf1 {[%emt 0:00:53] The position is equal.}
Rb8 30. Ne3 Rbxb2 31. Rxb2 Rxb2 32. Nxc4 Re2 33. Nxd6 Bxd6 34. Rxd6 Re1+ 35. Kh2 Rxe4 {[%emt 0:00:00]
Weighted Error Value: White=0.05 (flawless) /Black=0.04 (flawless)} 1/2-1/2

[Event "44th Chess Olympiad Women 2022"]
[Site "Chennai"]
[Date "2022.08.03"]
[Round "6.1"]
[White "Vaishali R"]
[Black "Javakhishvili, Lela"]
[Result "1-0"]
[WhiteElo "2442"]
[BlackElo "2476"]
[Annotator "TA"]
[PlyCount "72"]
[EventDate "2022.??.??"]
[TimeControl "60"]

1. e4 e5 2. Nf3 Nc6 3. Bb5 Nf6 4. O-O Nxe4 5. Re1 Nd6 6. Nxe5 Be7 7. Bf1 Nxe5 8. Rxe5 O-O 9. d4 Bf6 10. Re1 Re8 {[%emt 0:00:
00] C67: Ruy Lopez: Berlin Defence: 4 0-0 Nxe4.} 11. d5 Rxe1 12. Qxe1 b6 {[%emt 0:00:05] [#] The position
is equal.} 13. a4 $146 ({Predecessor:} 13. c3 Bb7 14. Bf4 Bxd5
15. Bxd6 cxd6 16. Qd1 Be6 17. Qxd6 Qf8 18. Qxf8+ Kxf8 19. Nd2 {1-0 (72)
Mohammad Fahad,R (2321)-Paravyan,D (2647) Chess.com INT 2021}) 13... Bb7 14. c4 Ba6 15. Na3 c6 16. Bf4 Nb7 {[%emt 0:00:00] [#]} (
16... Nf5 $11) 17. b4 $1 $16 {[%emt 0:30:36] Be5 is the strong threat. White
is more active.} Bxa1 18. Qxa1 Qe7 19. b5 Nc5 {[%emt 0:00:32] Hoping for ... Bb7.} (19...
cxb5 $2 20. axb5 (20. cxb5 Bxb5 21. Nxb5 Qb4 $16) 20... Qe4 21. bxa6 Qxf4 22.
axb7) 20. bxa6 Nxa6 21. Be3 Nc5 22. Nc2 cxd5 23. cxd5 Qe4 24. Bxc5 bxc5 25. Ne3 Rb8 {[%emt 0:00:40] Prevents Qb2.} 26. Qc3 Qxa4 {[%emt 0:11:01] [#] This move loses the game for Black.} (26... d6 $16)
27. Nf5 $1 $18 Qg4 {[%emt 0:00:19] [#]}
28. Qe5 Rf8 29. h3 f6 {[%emt 0:00:23] Threatens to win with ...Qxg2+.} 30. Ne7+ ({Worse is} 30. hxg4 fxe5 31. Bb5 Rd8 $17) 30... Kf7 31.
Qc7 Qa4 (31... Qe4) 32. Nc6 Kg8 33. Qxd7 {[%emt 0:00:00] Ne7+ would kill now.} Qe4 34. Ne7+ Kh8 35. Nf5 Rg8 36. Nd6 Qd4 {[%emt 0:00:14] Weighted Error Value: White=0.03 
(flawless) /Black=0.75} 1-0

[Event "44th Chess Olympiad Women 2022"]
[Site "Chennai"]
[Date "2022.08.03"]
[Round "6.2"]
[White "Cosma, Elena-Luminita"]
[Black "Buksa, Nataliya"]
[Result "1/2-1/2"]
[WhiteElo "2248"]
[BlackElo "2401"]
[Annotator "TA"]
[PlyCount "60"]
[EventDate "2022.??.??"]
[TimeControl "60"]

1. Nf3 c5 2. c4 Nc6 3. d4 cxd4 4. Nxd4 Nf6 5. Nc3 e6 6. e4 Bb4 7. Nxc6 bxc6 8. Bd3 e5 9. O-O d6 {[%emt 0:05:00]
B44: Sicilian: Taimanov: 5 Nb5.} 10. h3 ({White should play} 
10. Na4 $14) 10... Bc5 11. Qe2 {[%emt 0:05:22] [#]} h6 $146 ({Predecessor:} 11... O-O 12. Be3 Nd7 13. Bxc5 Nxc5 14. b4 Ne6
15. Qe3 a5 16. a3 Nd4 17. c5 Be6 {0-1 (34) Escudero Manzano,A (2222)-Korneev,O
(2625) Linares 2013}) 12. Be3 Nd7 13. Na4 Bxe3 14. Qxe3 Qa5 15. Bc2 Nc5 16. Nxc5 Qxc5 17. Ba4 {[%emt 0:09:03] [#] Strongly threatening Qxc5.}
Bd7 $1 ({Resist} 17... Qxc4 18. Qa3 O-O 19. Rac1 $16) 18. Qxc5 dxc5 19. Rfd1 Ke7 20. Rd2 Rhd8 21. Rad1 Be8 22. Rxd8 $1 Rxd8 23.
Rxd8 Kxd8 $14 {[%emt 0:00:02] Endgame KB-KB} 24. Kf1 Bd7 25. Ke2 Kc7 26.
Kd3 Be6 27. Bd1 Kb6 28. Kc3 Bd7 29. Be2 Be6 30. Bd1 Bd7 {[%emt 0:01:41]
Weighted Error Value: White=0.09 (flawless) /Black=0.08 (flawless)} 1/2-1/2

[Event "44th Chess Olympiad Women 2022"]
[Site "Chennai"]
[Date "2022.08.03"]
[Round "6.2"]
[White "Osmak, Yuliia"]
[Black "Lehaci, Miruna-Daria"]
[Result "0-1"]
[WhiteElo "2420"]
[BlackElo "2193"]
[Annotator "TA"]
[PlyCount "142"]
[EventDate "2022.??.??"]
[TimeControl "60"]

1. d4 Nf6 2. c4 e6 3. Nf3 c5 4. d5 exd5 5. cxd5 d6 6. Nc3 g6 7. Bf4 Bg7 8. h3 {[%emt 0:00:05] A61: Modern Benoni:
Nf3 without early e4.} O-O 9. e3 $1 Na6 10. Bxa6 {[%emt 0:00:17] White is slightly better.}
bxa6 11. Rc1 Rb8 12. b3 h6 {[%emt 0:01:07] [#]} (12... a5 $11) 13. Bh2 $146 (13. Nd2 $16) ({Predecessor:} 13. O-O g5 14. Bh2 a5 15. Nd2 Ba6 16. Nc4
Bxc4 17. bxc4 Qe7 18. Rb1 Nd7 19. Qc2 {0-1 (49) Cori,J (2655)-Indjic,A (2612)
Riga 2021}) 13... Rb7 (13... Bf5 $11 {remains equal.}) 14. Nd2 Ne8 15. O-O f5 16. Nc4 g5 17. Re1 Rbf7 18. Qd3 a5 19. Ne2 f4 ({Better is} 19... a4) 20. exf4 $16 gxf4 21. Qf3 Nc7 (21...
Be5 $16 22. Nxe5 dxe5) 22. Rcd1 (22. Nxf4 $6 a4 23. bxa4 Bd4
$16) 22... Nb5 23. a4 (23. Nxf4 $6 Rf5 $16) (
23. Bxf4 $18 {Hoping for Qg3.} Nd4 24. Nxd4 Bxd4 25. Re4) 23... Nd4 $14 24. Nxd4 cxd4 25. Re4 Bb7 26. Re6 Rf5
$1 $132 {[%emt 0:02:21] Black is not keeping still} 27. Rxd6 Qg5 28. Qg4 (28. Nxa5 Bxd5 29.
Rxd5 (29. Qg4 h5 $17) 29... Rxd5 $17) 28... Bxd5 {[%emt 0:01:15] [#]} (28...
Qxg4 {seems wilder.} 29. hxg4 Rg5 30. Nxa5 Bxd5 31. Nc6 Bxb3 32. Re1 d3) 29.
Bxf4 $1 Qxg4 30. hxg4 Rxf4 31. Rxd5 Rxf2 32. Rxa5 Re2 33. Rf5 Rb8 34. Rd3 Rbe8 (34... Rc2 $11) 35. g5 h5 36. Rf4 (36. Rd5 $14)
36... Rc2 $11 37. Rd2 Rc3 38. Rf3 Rb8 39. Na5 Rc5 (39... Be5 {keeps more tension.} 40. Kf2 Bc7 41.
Nc4 Rbxb3 42. Rxd4 Rc2+) 40. Nc4 Rxg5 41. Nd6 Rc5 42. Nf5 Be5 43. Kf2 (43. Nxd4 $2 Rd8 44. Rfd3 Rcd5 $19) 43... Rb4 44. Re2 Rb7 {[%emt 0:03:35][%cal Yd4d3]
Against Ne7+} 45. Re4 Rd7 46. b4 Rcd5 47. Ke2 d3+ {[%emt 0:00:00] [#]} (
47... a5 $1 $14) 48. Kd2 ({White has to play} 48. Kd1 $1 $16 {
And now Ne3 would win.} Bf6 49. Re6) 48... Bc3+ 49. Kd1 ({Weaker is} 49. Kxc3 d2 50. Re7 Rxe7 51. Nxe7+ Kh7 $17) 49...
Kh7 50. g4 {[%emt 0:02:16] aiming for Rh3.} h4 (50... Re5 $1 $11 51. Rxe5 Bxe5) 51. g5 (51. Ne7 $16 Rg5 52.
Nf5) 51... Re5 52. Rxe5 Bxe5 53. Nxh4 {[%emt 0:00:09] Endgame KRB-KRN} Bc3 54. b5 Kg7 55. Rg3 Rd5 (
55... Ba5 $14 {was preferrable.}) 56. g6 (56. Re3 $16) 56...
Bb4 57. Ng2 {[%emt 0:00:00] Strongly threatening Nf4.} d2 58. Rg4 Ba5 59. Ne3 Rh5 {[%emt 0:00:22] White must now prevent ...Rh1+. Black has
compensation.} (59... Re5 $5 60. Rg3 Rh5 $11) 60. Rg1 {[%emt 0:00:29] Against
Rh1} Rc5 {[%emt 0:00:28] Against Nc4. ( -> ...Rc1+)} 61. Ke2 $1 Rc1 (61... Re5 $5 62. Rf1 Bb6 63. Kxd2 (63.
Rf7+ $2 Kxg6 64. Rf1 Bxe3 $19) 63... Bxe3+ 64. Kd3 Bc5 $15) 62. Nd1 Rc4 63. Ne3 Rf4 64.
Rg4 Rf6 65. Rd4 Kxg6 66. Nc4 Re6+ 67. Kd1 $2 (67. Kf3 $11 Rf6+ 68. Kg4 (68. Ke2 Re6+ 69. Kf3 Rf6+ 70. Kg4
Re6 $11)) 67... Re1+ {[%emt 0:00:32] Black mates.} 68. Kc2 Rc1+ 69. Kb3 {[%emt 0:00:00] [#]} Rc3+ $1 70.
Kb2 {[%emt 0:00:13] [#]} Rxc4 $1 71. Rxc4 (
71. Rd5 Rc1) 71... d1=Q {[%emt 0:00:13] Black used his chance. Weighted Error
Value: White=0.18 (very precise) /Black=0.17 (very precise)} 0-1

[Event "44th Chess Olympiad Women 2022"]
[Site "Chennai"]
[Date "2022.08.03"]
[Round "6.3"]
[White "Assaubayeva, Bibisara"]
[Black "Beydullayeva, Govhar"]
[Result "1/2-1/2"]
[WhiteElo "2436"]
[BlackElo "2390"]
[Annotator "TA"]
[PlyCount "138"]
[EventDate "2022.??.??"]
[TimeControl "60"]

1. d4 Nf6 2. c4 e6 3. Nc3 Bb4 4. e3 c5 5. Nge2 d5 6. a3 Ba5 7. Ng3 {[%emt 0:14:32] E42: Nimzo-Indian:
Rubinstein: 4...c5 5 Ne2.} dxc4 8. Bxc4 {[%emt 0:01:48] [#]}
cxd4 $146 ({Predecessor:} 8... Nc6 9. O-O cxd4 10. exd4 Qxd4
11. Nb5 Qxd1 12. Rxd1 O-O 13. Be3 a6 14. Nd6 Bc7 {0-1 (88) Jussupow,A (2576)
-Wirig,A (2500) Germany 2015}) 9. exd4 Nc6 10. Nge2 Bb6 11. Bb5 O-O 12. Bxc6 bxc6 13.
Bg5 h6 14. Bh4 c5 15. Bxf6 Qxf6 16. dxc5 Bxc5 17. Ne4 Qe5 18. Nxc5 Qxc5 19. O-O Ba6 20. Re1 Rfd8 {[%emt 0:00:00] Prevents
Qd4.} 21. Qa4 Qb6 22. Qb4 {[%emt 0:03:18]
Inhibits Rd2.} Qxb4 23. axb4 Bc4 24. Nc3 Rd2 25. Re4 Bd5 (25... Rc8 $1 $17 26. Nd1 (26. Rxa7 Rxb2 27. Ra1 Rxb4 $17)
26... Bd5) 26. Re2 $15 Rxe2 27. Nxe2 {
[%emt 0:00:06] Endgame KRB-KRN} Rb8 28. Rxa7 (28. Nc3 $1 $11) 28... Rxb4 $17 29. h3 Rxb2 30. Nf4 Bb7 31. Nd3 Rb1+ 32. Kh2 g5 33.
Ra4 Bd5 34. h4 Kg7 35. hxg5 hxg5 36. Ne5 Re1 37. Ng4 (37. Nd7 $142) 37... Re2 38. Kg1 Re1+ 39. Kh2 f5 40. Ne3 Be4 41. Ra3 f4 42. Nc4 (42. Ra7+ $17 Kg6 43. Nc4) 42... Bd5 (42... g4
$1 $19 {aiming for ...Re2.} 43. Ra4 Kf6) 43. Nb6 Be4 (43... Kf6 $17 {And now ...g4 would win.} 44. f3 Bc6) 44. Ra5 (44. Nc4 $1 $11) 44... Bf5 45. Ra7+ Kg6 46. Nd7 {[%emt 0:00:00] [#]} (46. Nc8 $17 {keeps fighting.
}) 46... g4 $1 $19 {[%emt 0:00:00] Threatens to win with ... Re2.} 47. Ra4 Kg5 {[%emt 0:00:00] ...Re2 is the strong threat.} 48. Ra8 Kg6 49. Ra4 $1 {[%emt 0:00:00] [#]} e5 $2 (49... Rd1 $1 $19 50. Nb6 Kg5) 50. Nxe5+ $1 $11 {[%emt 0:00:00]
Remove Defender} Rxe5 51. Rxf4 {[%emt 0:00:00] KRB-KR} Kg5 52. Kg3 Re1 53. Rc4 Ra1 54. Rc3 Ra5 55.
Rb3 Be4 56. Re3 Kf5 57. Rc3 Rd5 58. f3 gxf3 59. gxf3 {[%emt 0:00:00] The position is equal.}
Bd3 60. Rc8 Kg5 61. Rg8+ Bg6 62. Rg7 Rd3 63. Rg8 Ra3 64. Rg7 Kf6 65. Rg8 Kf7 66. Rb8 Be4 67. Rb4 Rxf3+ 68. Kg4 Bd5 69. Rf4+ Rxf4+ {[%emt 0:00:00] Weighted Error Value: White=0.14 (very precise) /Black=0.
19 (very precise)} 1/2-1/2

[Event "44th Chess Olympiad Women 2022"]
[Site "Chennai"]
[Date "2022.08.03"]
[Round "6.3"]
[White "Mammadova, Gulnar"]
[Black "Balabayeva, Xeniya"]
[Result "1-0"]
[WhiteElo "2380"]
[BlackElo "2198"]
[Annotator "TA"]
[PlyCount "115"]
[EventDate "2022.??.??"]
[TimeControl "60"]

1. e4 e6 2. d4 d5 3. Nd2 Nf6 4. e5 Nfd7 5. Ngf3 c5 6. c3 Nc6 7. Bd3 Qb6 8. O-O cxd4 9. cxd4 Nxd4 10. Nxd4 Qxd4 11. Nf3 Qb6 12. Qe2 {[%emt 0:01:33] C06: French Tarrasch: 3...Nf6 4 e5 Nfd7 5 Bd3
main lines.} h6 13. a3 a5 14. Bb5 {[%emt 0:05:58] [#] White is slightly better.} Bc5 $146 ({Predecessor:} 14... a4 15. Be3 Bc5 16. Bxc5 Qxc5 17. Rac1 Qb6 18. Rfd1 O-O
19. Rxc8 Rfxc8 20. Bxd7 Rc4 {0-1 (80) Kaehmann,J (2238)-Henneberger,S (2119)
Germany 2011}) 15. Rb1 a4 16. b4 (16. Bd2 $11) 16... axb3 $1 $15 17. Rxb3 Qa7 18. Nh4 $1 b6 $1 19. Rg3 (19. Qh5 $1 $11 {keeps the balance.}) 19... g5
$17 20. Nf3 ({Better is} 
20. Nf5) 20... Ba6 $1 21. h4 (21. Rg4 $17
Bxb5 22. Qxb5) 21... gxh4 22. Rg4 Bxb5 23. Qxb5 Qa6 (23... Bxa3 24.
Rxh4 Qa6 25. Qb1 $17) 24. Qb3 h3 25. gxh3 O-O-O 26. Be3 Rdg8 (26... Qxa3 27. Qxa3 Bxa3 28. Ra4 $17)
27. Rc1 Kd8 {[%emt 0:04:12] Strongly threatening ... Rxg4+.}
28. Bxc5 (28. Rxg8+ $142 Rxg8+ 29. Kh2) 28... bxc5 $19 (28... Nxc5 29. Qb4 $17) 29. Qe3 Rxg4+ 30. hxg4 Qa4 31. Nh2 Qa5 32. Kg2 Kc7 33. Rb1 d4 34. Qf4 Qxa3 (34... Qa8+ $2 35. Nf3 $19) 35. Nf3 Qa8 (35... Qd3 $2 36. Ra1 Kb8 37. Rh1 $19) 36. Rc1 Kd8 37. Kg3 Qd5 38. Ra1 Qb7 {[%emt 0:00:35] Prevents Ra6.} 39. Nd2 {[%emt 0:
00:00] [#]} Ke7 (39... Rf8 $1 $19 {...Kc7 is the strong
threat.} 40. Qxh6 Kc7) 40. Ne4 {[%emt 0:00:21] [#]} (40. f3 $17) 40... Qb8 $1 41. Nd6 $2 (41. f3) 41... Rf8 $2 (41... Nxe5 42. Qxe5 f6 43. Qf4 $11) (41... f6 $19 42. Ne4 Qxe5 43. Qxe5
fxe5) 42. Kg2 f6 ({Black should play} 42...
d3 $1 $15 43. Qxh6 Nxe5) 43. Qxh6 $11 {[%emt 0:00:00] And now Qh7+ would win.}
Nxe5 44. Ra6 Rf7 45. g5 $36
{[%emt 0:00:00][%cal Yg4g5,Yg5g6,Yg6f7] White is more active.} Kd7 {[%emt 0:00:
00][%cal Yf6g5] Hoping for ...fxg5!} 46. Ne4 Nd3 $2 (46... Qb7 $11 47. f3 Kc7 48. Rxe6 Qb2+ 49. Kg3 Qc1 50. Rxe5 fxe5 51.
Qd6+ Kc8 52. Qc6+ Kd8 53. Qd6+ Kc8 54. Qc6+ Rc7 55. Nd6+ Kb8 56. Qb6+ Ka8 57.
Qxc7 Qxg5+ 58. Kh3 Qh6+ 59. Kg4 (59. Kg2 Qg5+ 60. Kh3 Qh6+ 61. Kg4 Qg6+ 62. Kh4
Qh6+ 63. Kg4 Qg6+ 64. Kh4 Qh6+ 65. Kg4 $11) 59... Qg6+ 60. Kh4 (60. Kh3 Qh6+
61. Kg4 Qg6+ 62. Kh4 Qh6+ 63. Kg4 $11) 60... Qh6+ 61. Kg4 (61. Kg3 Qg5+ 62. Kh3
Qh6+ 63. Kg4 Qg6+ 64. Kh4 Qh6+ 65. Kg4 $11) 61... Qg6+ 62. Kh4 (62. Kh3 Qh6+
63. Kg4 $11) 62... Qh6+ 63. Kg4 (63. Kg3 Qg5+ 64. Kh3 Qh6+ 65. Kg4 $11)) 47. g6
$18 Qb7 48. Ra7 {[%emt 0:00:00] Promotion} ({
Inferior is} 48. gxf7 Qxe4+ 49. Kh2 Qe5+ 50. Kg2 Qe4+ 51. Kh2 Qe5+ 52. Kg2 Qe4+
$11) 48... Qxa7 49. gxf7 {[%emt 0:00:00] Endgame KQN-KQN} Qb7 50. f3 ({And not} 50. f8=Q Qxe4+ 51. f3 Qe2+
52. Kh3 Qxf3+ 53. Kh2 Qf2+ 54. Kh3 Qf3+ 55. Kh2 Qf2+ 56. Kh3 Qf3+ $11) 50...
Qb2+ 51. Kg3 Qb1 52. Qxf6 (52. Nxf6+ $142 Kc6 53. f8=Q Qe1+ 54. Kh2) 52... Qg1+ 53. Kh4 Qh2+ 54. Kg5 {[%emt 0:00:14]
Dancing on a razor blade.} Qg2+ $2 (54... Qg1+ $18 55. Kh6
Qh2+ 56. Kg7 Nf4) 55. Kh6 {[%emt 0:00:00] White mates.} Qh2+ 56. Kg7 Nf4 57. Qg5 e5 58. Nxc5+ {[%emt 0:00:08] Never resign too early! Weighted
Error Value: White=0.28 (precise) /Black=0.34} 1-0

[Event "44th Chess Olympiad Women 2022"]
[Site "Chennai"]
[Date "2022.08.03"]
[Round "6.3"]
[White "Mammadzada, Gunay"]
[Black "Abdumalik, Zhansaya"]
[Result "1/2-1/2"]
[WhiteElo "2455"]
[BlackElo "2495"]
[Annotator "TA"]
[PlyCount "50"]
[EventDate "2022.??.??"]
[TimeControl "60"]

1. d4 Nf6 2. c4 e6 3. g3 d5 4. Bg2 c5 5. cxd5 exd5 6. Nf3 Nc6 7. Nc3 cxd4 {[%emt 0:02:
47] is cutting edge theory.} 8. Nxd4 Bc5 9.
Nb3 Bb6 {[%emt 0:00:44] D33: Tarrasch Defence:
6 g3 sidelines.} 10. O-O ({Don't play} 10. Bxd5 Nb4 11. Bf3
Qxd1+ 12. Kxd1 O-O $11) 10... d4 11. Na4 O-O
{[%emt 0:00:59] White is slightly better.} 12. Bg5 Re8 13. Nxb6 axb6 14. Bxc6 (14. e3 {is more complex.} dxe3 15. Bxe3 Bd7 16. Re1) 14...
bxc6 15. Qxd4 (15. Bxf6 {is interesting.}
Qxf6 16. Qxd4 Rxe2 17. Rfe1) 15... Qxd4 16. Nxd4 c5 17. Nb5 {[%emt 0:10:49] [#] And now Bxf6 would win.}
Re4 $146 (17... Rxe2 $11 18. Rfe1 {[#]} Rxa2 $1) ({
Predecessor:} 17... Rxe2 18. Rfe1 Rxe1+ 19. Rxe1 Bh3 20. Bxf6 gxf6 21. Nc3 b5
22. a3 b4 23. axb4 cxb4 {½-½ (56) Petrosyan,M (2628)-Wagner,D (2581) Chess.
com INT 2021}) 18. e3 (18. Bxf6 $16 {[%cal Yf1d1] Rfd1! is the strong threat.}
gxf6 19. Rfd1) 18... Rxe3 $2 19. Rfd1 (19.
Bxe3 $142 Bg4 20. Bf4) 19... Re2 $2 (19... Re8 20. Bxf6 gxf6)
20. Nc7 $18 {[%emt 0:00:44] Rd8+ would kill now.} Bg4 21. Bxf6 (21. Nxa8 $142 Re8 22. Nc7) 21... Rc8 22. Nd5 gxf6 (22... Rb8 {was necessary.} 23. Bc3 f6)
23. Nxb6 $2 (23. Nxf6+ $18 Kf8 24. Nxg4) 23... Kg7 $2 24. Nc4 $2 (24. Nxc8 $18 Bxc8 25. b3) 24...
Rb8 (24... Be6 $1 $14 25. Rdc1 Bxc4 26. Rxc4 Rxb2) 25. Rdc1
$16 Be6 {[%emt 0:00:47] Weighted Error Value: White=1.12/
Black=1.57} 1/2-1/2

[Event "44th Chess Olympiad Women 2022"]
[Site "Chennai"]
[Date "2022.08.03"]
[Round "6.3"]
[White "Nakhbayeva, Guliskhan"]
[Black "Fataliyeva, Ulviyya"]
[Result "0-1"]
[WhiteElo "2329"]
[BlackElo "2372"]
[Annotator "TA"]
[PlyCount "74"]
[EventDate "2022.??.??"]
[TimeControl "60"]

1. d4 d5 2. c4 e6 3. Nc3 a6 4. cxd5 exd5 5. Qb3 Nf6 6. Bg5 {[%emt 0:00:12] D31: Queen's Gambit
Declined: Semi-Slav without ...Nf6 (+ Marshall Gambit and Noteboom) and
Exchange Variation lines without ...Nf6.} c5 7. Bxf6 gxf6 8. Nf3 {[%emt 0:01:59] White is slightly better.}
Nc6 {[%emt 0:00:35] [#]} 9. e3 $146 (9. Qxd5 Qb6 10. Qe4+ Be6
$11) ({Predecessor:} 9. Rd1 Be6 10. e3 c4 11. Qc2 b5 12. Be2 f5 13. O-O Qf6 14.
Ne5 Nxe5 15. dxe5 Qxe5 16. Nxd5 {½-½ (34) Yilmaz,M (2630)-Grandelius,N (2663)
Chess.com INT 2020}) 9... Be6 10. Be2 (10.
Qxb7 Na5 11. Bb5+ axb5 12. Qxb5+ Qd7 13. dxc5 Qxb5 14. Nxb5 Rb8 $17) 10... Bd6 (10... b5 $11 {keeps the balance.}) 11. O-O (
11. Qxb7 $2 Na5 12. Qxa8 Qxa8 $19) (11. Nxd5 c4 12. Nxf6+ (12. Bxc4 Na5 $17)
12... Qxf6 13. Qxb7 Rc8 $17) (11. dxc5 $16 Bxc5 12. O-O (12. Qxb7 $2 Na5 $19))
11... O-O (11... c4 $1 $14 12. Qd1 (12. Qxb7 $2 Na5 $19) 12...
Bb4) 12. dxc5 $16 (12. Qxb7 $2 Na5 13. Qxa8 Qxa8 $19) 12...
Bxc5 13. Rad1 (13. Qxb7 $2 Na5 14. Qxa6 Rxa6
15. Bxa6 Nc4 16. Bxc4 dxc4 $19) 13... Ne7 14. e4 (14. Qxb7 $18 Qa5 15. Qb3) 14... d4 15. Bc4 (15. Qxb7 $2 Ra7 16. Nxd4 Rxb7 $19) 15... Bg4 16. Nd5 Nc6 17. Rc1 (17.
Qxb7 Na5 18. Qc7 Qxc7 19. Nxc7 Rac8 $17) 17... Rc8 (17... Kh8
$16) 18. Nd2 {[%emt 0:18:40] Pair of Knights!} (18. Be2 $18 {is more deadly.}
Bd6 19. Qxb7 Bxf3 20. Bxf3 (20. gxf3 Ne5 $16)) 18... Ne5 19.
Qg3 ({White should try} 19. Qxb7 $16 {Strongly threatening
Qb3.} Nxc4 20. Nxc4 (20. Rxc4 Be2 $16)) 19... Kh8 $11 20. Qh4 Rc6 ({Better is} 20... Rg8 $1 $11) 21. b4 $14 Be7 22. Nxe7 (22. f4 $16
Nxc4 23. Rxc4 (23. Nxc4 Be6 $11) (23. Nxe7 Qxe7 24. Rxc4 Rxc4 $17) 23... Rxc4
24. Nxc4 (24. Nxe7 Qxe7 25. Nxc4 Be2 $17)) 22... Qxe7 $11 23.
Bd5 Rxc1 24. Rxc1 Rg8 25. Kh1 Nd3 26. Rc4 {[%emt 0:
00:00] [#]} (26. Rb1 $1 $11) 26... b5 (26... Bh3 $1 $19 27. g3 (27. gxh3 $2 f5 $19) 27... Be6 28. Bxe6 (28. Rxd4 Nxf2+
29. Kg2 Ng4 $15) 28... fxe6) 27. Rc6 $2 (27. Rc2 $17) 27...
Rg6 $1 $19 {[%emt 0:02:37][%cal Yg4h3] ...Bh3! is the strong threat.} 28. h3 (28. Rxa6 $2 Qc7 29. h3 Qc1+ 30. Kh2 Bxh3 $19) 28... Kg7 $2 29. Kg1 $2 (29. hxg4 $2 Rh6 30. Nf3 Rxh4+ 31.
Nxh4 Qxb4 32. Nf5+ Kg6 33. Nh4+ Kh6 $19) (29. Rxa6 $2 Nxb4 30. Kg1 Bd1 31. Bxf7
Nxa6 $19) (29. a3 $11 {and White stays safe.}) 29... Bd7 30.
Rxa6 Qxb4 $2 (30... Nxb4 $19 31. Ra7 Nxd5 32.
exd5 Qe1+ 33. Kh2 (33. Nf1 $2 d3 $19) 33... Qe5+ 34. g3 Bxh3 $1 35. Rxf7+ (35.
Qxh3 $2 Rh6 $19) 35... Kxf7 36. Qxh7+ Rg7 37. Qxh3 Qxd5) 31. Nf3 $2 (31. Bxf7 $11 Kxf7 32. Qxh7+ Rg7 33. Qh6) 31... Qb1+ (
31... Qb2 32. Bxf7 (32. Kh2 $2 Nf4 $19) 32... Kxf7 33. Ra7 $11) 32. Kh2 Qf1 33. g4 Nxf2 (33... Rh6 $142 34. Qxh6+ Kxh6 35. Rxf6+
Kg7 36. Rxf7+ Kg6 37. Nh4+ Kh6) 34. e5 {[%emt 0:00:00] [#]} fxe5 {[%emt 0:00:
54] The board is on fire.} ({Weaker is} 34... Be6 35. exf6+ (35. Bxe6 $2 Qh1+
36. Kg3 Ne4+ 37. Kf4 Ng5 $19) 35... Rxf6 36. Qg5+ (36. Nxd4 $2 Nxg4+ 37. hxg4
Rf2+ 38. Qxf2 Qxf2+ 39. Bg2 Qxd4 $19) 36... Rg6 37. Qe5+ f6 38. Qc7+ (38. Qxe6
Qxh3+ 39. Kg1 Rxg4+) (38. Ra7+ Kh8 $11) 38... Kh8 39. Ra8+ (39. Rxe6 Qxh3+ 40.
Kg1 Rxg4+) 39... Bg8 40. Rxg8+ Rxg8 41. Bxg8 Kxg8 42. Qb8+ Kg7 43. Qc7+ Kh6 44.
g5+ Kg6 45. Qc8 $11) 35. Qe7 $2 (35. Rxg6+ $19 hxg6 36. g5 (
36. Nxe5 $2 Qe2 $19) 36... Qxh3+ 37. Qxh3 Nxh3 38. Nxe5) 35... Qxh3+ {[%emt 0:
00:20] Black mates.} 36. Kg1 Rxg4+ ({Worse is
} 36... Qg3+ 37. Kf1 Nxg4 38. Rxg6+ hxg6 39. Qxf7+ Kh6 40. Qf8+ Kh5 41. Qh8+
Nh6 42. Qxe5+ Qxe5 43. Nxe5 $17) 37. Kxf2 Rg2+ {[%emt 0:00:09]
What a bad dream for White. Weighted Error Value: White=0.73/Black=0.41} 0-1